 Dungeon Crawl Stone Soup version 0.26-a0-257-g47e9e61525 (webtiles) character file.

Game seed: 2140899224286569766

340 Infinimo the Magician (level 6, -3/41 HPs)
             Began as a Mummy Earth Elementalist on July 10, 2020.
             Killed from afar by an orc wizard (4 damage)
             ... with a magic dart
             ... on level 5 of the Dungeon.
             The game lasted 00:05:06 (5096 turns).

Infinimo the Magician (Mummy Earth Elementalist)    Turns: 5096, Time: 00:05:07

Health: -3/41      AC:  3    Str: 11    XL:     6   Next: 30%
Magic:  13/13      EV: 12    Int: 16    God:
Gold:   184        SH:  0    Dex: 13    Spells: 11/15 levels left

rFire    x . .     SeeInvis .   d - +0 whip (elec)
rCold    + . .     Faith    .   (no shield)
rNeg     + + +     Spirit   .   c - +0 robe
rPois    ∞         Reflect  .   (no helmet)
rElec    .         Harm     .   k - +0 cloak
rCorr    .                      (no gloves)
MR       .....                  (no boots)
Stlth    ++........             (no amulet)
HPRegen  0.13/turn              (no ring)
MPRegen  0.13/turn              (no ring)

@: no status effects
A: no food or potions, fire vulnerability, cold resistance 1, negative energy
resistance 3, torment resistance, unbreathing
a: no special abilities


You were on level 5 of the Dungeon.
You were not hungry.

You visited 1 branch of the dungeon, and saw 5 of its levels.

You collected 184 gold pieces.

Inventory:

Hand Weapons
 d - a +0 whip of electrocution (weapon)
Missiles
 b - 51 stones (quivered)
Armour
 c - a +0 robe (worn)
 k - a +0 cloak (worn)
Jewellery
 h - an uncursed ring of protection from fire {unknown}
Wands
 n - a wand of clouds (5)
Scrolls
 a - 3 scrolls of remove curse
 e - 2 scrolls of teleportation {unknown}
 f - 5 scrolls of identify {unknown}
 g - 2 scrolls of enchant weapon {unknown}
 i - a scroll of fear {unknown}
 j - a scroll of amnesia {unknown}
 l - a scroll of noise {unknown}
 m - a scroll of blinking {unknown}
 o - a scroll of enchant armour {unknown}


   Skills:
 - Level 2.0 Dodging
 - Level 2.0 Stealth
 + Level 5.0 Spellcasting
   Level 0.7 Transmutations
 * Level 4.8 Earth Magic


You had 11 spell levels left.
You knew the following spells:

 Your Spells              Type           Power        Failure   Level
a - Sandblast             Erth           ###...       2%          1
b - Stone Arrow           Conj/Erth      ##....       17%         3

Your spell library contained the following spells:

 Spells                   Type           Power        Failure   Level
 Passwall                 Tmut/Erth      ##......     8%          2
 Sticks to Snakes         Tmut           #.......     17%         2
 Petrify                  Tmut/Erth      ##......     43%         4
 Lee's Rapid Deconstruct  Erth           ###.......   52%         5
 Beastly Appendage        Tmut           Unusable     N/A         1
 Spider Form              Tmut/Pois      Unusable     N/A         3
 Ice Form                 Ice/Tmut       Unusable     N/A         4
 Blade Hands              Tmut           Unusable     N/A         5

Dungeon Overview and Level Annotations

Branches:
Dungeon (5/15)
 Temple: D:4-7

Altars:
Kikubaaqudgha
Makhleb
Trog
Yredelemnul
Zin

Annotations:
D:4 Blork the orc


Innate Abilities, Weirdness & Mutations

You do not eat or drink.
Your flesh is vulnerable to fire.
You are immune to poison.
Your flesh is cold resistant. (rC+)
You are immune to negative energy. (rN+++)
You are immune to unholy pain and torment.
You can survive without breathing.


Message History

Blork the orc screams, "I'll make a cloak from your skin!"
Blork the orc hits you with a +0 halberd!
* * * LOW HITPOINT WARNING * * *
You are too injured to fight recklessly!
You are too injured to fight recklessly!
You are too injured to fight recklessly!
Blork the orc hits you from afar with a +0 halberd!
* * * LOW HITPOINT WARNING * * *
There is a stone staircase leading down here.
You climb downwards.
You hear the sound of rushing water.
There is an entrance to a sewer on this level.
Hurry and find it before the portal rusts away! 2 orcs and an orc wizard come into view.
There is a stone staircase leading up here.
As you read the scroll labeled WAUWKI WIYJA, it crumbles to dust.
You feel blessed for a moment.
It was a scroll of remove curse.
The orc shouts!
The orc wizard points at you and mumbles some strange words.
The magic dart hits you.
You die...

#.#≈≈≈#....
#.#≈≈s#...
#.#####..
#.......#
#.......#
#......#
#....o.#
#$o.@..#
#.o.........
##########..


You could see an orc wizard, 2 orcs and a giant cockroach.

Vanquished Creatures
  A phantom (D:4)
  An orc wizard (D:4)
  An orc priest (D:3)
  A worker ant (D:4)
  3 gnolls (D:3)
  4 adders
  An adder skeleton (D:4)
  4 worms
  2 dart slugs (D:2)
  5 leopard geckos
  5 orcs
  6 giant cockroaches
  9 goblins
  6 hobgoblins
  5 jackals
  4 kobolds
  2 quokkas
  A ball python skeleton (D:4)
  11 bats
  3 frilled lizards
  A quokka skeleton (D:4)
  2 rats
78 creatures vanquished.

Vanquished Creatures (others)
  A human (D:3)
1 creature vanquished.

Grand Total: 79 creatures vanquished

Notes
Turn   | Place    | Note
-------+----------+-------------------------------------------
     0 | D:1      | Infinimo the Mummy Earth Elementalist began the quest for
                  | the Orb.
     0 | D:1      | Reached XP level 1. HP: 13/13 MP: 4/4
   243 | D:1      | Reached XP level 2. HP: 12/19 MP: 5/5
   248 | D:1      | Reached skill level 3 in Spellcasting
   991 | D:2      | Reached XP level 3. HP: 7/24 MP: 5/7
  2189 | D:1      | Reached XP level 4. HP: 8/30 MP: 4/9
  3003 | D:3      | Reached skill level 4 in Spellcasting
  3275 | D:3      | Learned a level 3 spell: Stone Arrow
  3292 | D:3      | Found an ancient bone altar of Kikubaaqudgha.
  3293 | D:3      | Noticed a human
  3297 | D:3      | Killed a human
  3429 | D:3      | Reached XP level 5. HP: 35/35 MP: 11/11
  3974 | D:3      | Found a bloodstained altar of Trog.
  3974 | D:3      | Found a burning altar of Makhleb.
  3975 | D:3      | Found a glowing silver altar of Zin.
  4403 | D:4      | Noticed Blork the orc
  4694 | D:4      | Found a basalt altar of Yredelemnul.
  4695 | D:4      | Noticed a phantom
  4732 | D:4      | HP: 1/35 [phantom (3)]
  4745 | D:4      | Killed a phantom
  4745 | D:4      | Reached skill level 5 in Spellcasting
  4745 | D:4      | Reached XP level 6. HP: 3/41 MP: 0/13
  5091 | D:4      | HP: 1/41 [Blork the orc/+0 halberd (9)]
  5095 | D:5      | Entered Level 5 of the Dungeon
  5096 | D:5      | Killed from afar by an orc wizard

Illustrated notes

Levels and vault maps discovered:
D:1:      dpeg_arrival_pits, layout_rooms, corexii_item_surrounded_by_moat
D:2:      minmay_wonky_spiral, layout_basic
D:3:      layout_basic, gammafunk_temple_overflow_forgotten, tgw_kikubaaqudgha
D:4:      layout_basic, kennysheep_mini, gammafunk_ghost_necromancy,
          uniq_blork_the_orc, uniq_edmund
D:5:      layout_basic, minmay_temple_entry_statues_pillars, serial_shops,
          shop_fountains, gup_sewer_entry_glass, first_ration, fedhas_altar_1,
          uniq_menkaure

Skill      XL: |  1  2  3  4  5 |
---------------+----------------+-----
Spellcasting   | 3 4 5 |  5.0
Stealth        | 2 |  2.0
Dodging        | 2 |  2.0
Earth Magic    | 3 4 |  4.8
Transmutations | |  0.7

Action                   |  1- 3 |  4- 6 || total
-------------------------+-------+-------++-------
Melee: Whip              |    94 |   130 ||   224
 Cast: Sandblast         |    27 |    22 ||    49
  Use: Scroll            |       |     1 ||     1
 Stab: Sleeping          |     3 |     2 ||     5
Armor: Robe              |    18 |    17 ||    35
Dodge: Dodged            |    93 |    91 ||   184

Table legend:
 A = Non-vault XP
 B = Vault XP
 C = Vault XP percentage of total XP
 D = Non-vault monster count
 E = Vault monster count
 F = Vault count percentage of total count
                 A         B        C        D         E       F
            +---------+---------+-------+---------+---------+-------
      Total |     479 |       8 |   1.6 |      73 |       5 |   6.4
            +---------+---------+-------+---------+---------+-------
        D:1 |      39 |       0 |   0.0 |      21 |       0 |   0.0
        D:2 |      73 |       8 |   9.9 |      19 |       5 |  20.8
        D:3 |     136 |       0 |   0.0 |      23 |       0 |   0.0
        D:4 |     231 |       0 |   0.0 |      10 |       0 |   0.0
            +---------+---------+-------+---------+---------+-------
